 Dungeon Crawl Stone Soup version 0.25-a0-528-g6b7c99946c (webtiles) character file.

Game seed: 4422696911219138285, levelgen mode: deterministic

969 MisterFreud the Shield-Bearer (level 8, -9/67 HPs)
             Began as a Gnoll Fighter on Feb 19, 2020.
             Was a Follower of Ashenzari.
             Mangled by an orc warrior
             ... wielding a +2 hand axe of electrocution
              (18 damage)
             ... on level 5 of the Dungeon.
             The game lasted 00:09:41 (4700 turns).

MisterFreud the Shield-Bearer (Gnoll Fighter)       Turns: 4700, Time: 00:09:42

Health: -9/67      AC:  9    Str: 20    XL:     8   Next: 16%
Magic:  12/12      EV: 10    Int: 12    God:    Ashenzari [*.....]
Gold:   142        SH: 11    Dex: 14    Spells: 13/13 levels left

rFire    . . .     SeeInvis .   a - +0 rapier
rCold    . . .     Gourm    +   c - +0 kite shield (curse)
rNeg     . . .     Faith    .   b - +0 scale mail
rPois    .         Spirit   .   (no helmet)
rElec    .         Reflect  .   (no cloak)
rCorr    .         Harm     .   j - +0 pair of gloves
MR       .....                  (no boots)
Stlth    +.........             u - amulet of the gourmand
HPRegen  0.21/turn              (no ring)
MPRegen  0.13/turn              (no ring)

@: no status effects
A: distributed training, fangs 1, strong nose
a: Curse Item, Scrying, Renounce Religion


You were on level 5 of the Dungeon.
You worshipped Ashenzari.
Ashenzari was aware of your devotion.
You were not hungry.

You visited 2 branches of the dungeon, and saw 7 of its levels.
You also visited: Ossuary.

You collected 142 gold pieces.

Inventory:

Hand Weapons
 a - a +0 rapier (weapon)
 q - a +0 vampiric whip
 r - a +0 dagger of venom
Missiles
 i - 114 stones (quivered)
 o - 46 bolts
 v - 2 boomerangs
 w - 5 atropa-tipped darts
 E - 16 arrows
Armour
 b - a +0 scale mail (worn)
 c - a cursed +0 kite shield (worn)
 j - a +0 pair of gloves (worn)
Jewellery
 u - an amulet of the gourmand (around neck)
Wands
 C - a wand of flame (7)
Scrolls
 e - 5 scrolls of teleportation
 l - 2 scrolls of fog
 m - a scroll of amnesia
 n - 6 scrolls of identify
 p - a scroll of magic mapping
 s - a scroll of random uselessness {unknown}
 x - a scroll of enchant armour {unknown}
 y - 5 scrolls of remove curse
 B - a scroll of enchant weapon {unknown}
 D - 2 scrolls of immolation {unknown}
Potions
 d - a potion of might
 g - a potion of flight
 h - a potion of magic
 k - a potion of curing
 t - 3 potions of lignification
 A - a potion of invisibility
Comestibles
 f - 10 rations


   Skills:
 + Level 7.2 Fighting
 + Level 5.5 Short Blades
 + Level 3.0 Long Blades
 + Level 3.0 Axes
 + Level 3.0 Maces & Flails
 + Level 3.0 Polearms
 + Level 3.0 Staves
 + Level 3.0 Slings
 + Level 3.0 Bows
 + Level 3.0 Crossbows
 + Level 3.0 Throwing
 + Level 7.2 Armour
 + Level 3.0 Dodging
 + Level 3.0 Stealth
 + Level 7.2 Shields
 + Level 3.0 Unarmed Combat
 + Level 3.0 Spellcasting
 + Level 2.4 Conjurations
 + Level 2.4 Hexes
 + Level 2.4 Charms
 + Level 2.4 Summonings
 + Level 2.4 Necromancy
 + Level 2.4 Translocations
 + Level 2.4 Transmutations
 + Level 2.4 Fire Magic
 + Level 2.4 Ice Magic
 + Level 2.4 Air Magic
 + Level 2.4 Earth Magic
 + Level 2.4 Poison Magic
 + Level 3.2 Invocations
 + Level 3.0 Evocations


You had 13 spell levels left.
You didn't know any spells.
Your spell library contained the following spells:

 Spells                   Type           Power        Failure   Level  Hunger
 Confusing Touch          Hex            #.......     89%         3    ###....
 Gell's Gravitas          Tloc           #.........   89%         3    ###....
 Petrify                  Tmut/Erth      #.......     100%        4    #####..
 Metabolic Englaciation   Hex/Ice        #.........   100%        5    ######.
 Yara's Violent Unravell  Hex/Tmut       #.........   100%        5    ######.


Dungeon Overview and Level Annotations

Branches:
Dungeon (6/15)             Temple (1/1) D:4         Ossuary (visited)

Altars:
Ashenzari
Cheibriados
Dithmenos
Elyvilon
Fedhas
Gozag
Hepliaklqana
Makhleb
Nemelex Xobeh
Okawaru
Qazlal
Ru
Sif Muna
Trog
Uskayaw
Vehumet
Wu Jian
Xom
Yredelemnul
Zin


Innate Abilities, Weirdness & Mutations

Your experience applies equally to all skills.
You have very sharp teeth.
Your uncanny sense of smell can sniff out nearby items.


Message History

The orc warrior hits you with a +2 hand axe of electrocution.
You hit the orc warrior.
The orc warrior is severely wounded.
The orc warrior closely misses you.
You hit the orc warrior but do no damage.
Your bite misses the orc warrior.
The orc warrior is severely wounded.
The orc warrior hits you with a +2 hand axe of electrocution!
* * * LOW HITPOINT WARNING * * *
You hit the orc warrior but do no damage.
The orc warrior is severely wounded.
You block the orc warrior's attack.
You hit the orc warrior but do no damage.
The orc warrior is severely wounded.
You block the orc warrior's attack.
You feel much better.
The orc warrior hits you with a +2 hand axe of electrocution!!
* * * LOW HITPOINT WARNING * * *
You are electrocuted!!
You die...

.................................
..............##...##............
.............###.....#...........
.............###.....#........##.
.................................
......................)..........
.................................
.....#.......................#...
....####........@............#...
.....# #.......o.................
...### #.....................<.#.
..## ###.......................#.
#..###.##.................#....#.
...##...................###.##...
.......##..............###.......
.....######...........###..###.##
..##.# ####..##............#.#.#.


You could see an orc warrior.

Vanquished Creatures
  Sigmund (D:5)
  A phantom (D:5)
  An ogre (D:5)
  An elf zombie (Ossuary)
  2 crimson imps (D:5)
  4 centaur zombies
  An orc priest (D:2)
  An orc wizard (D:3)
  3 worker ants
  A big kobold zombie (Ossuary)
  2 mummies (Ossuary)
  9 adders
  An ooze (D:5)
  2 worms (D:3)
  A dart slug (D:1)
  4 leopard geckos
  8 orcs
  13 bats
  3 giant cockroaches
  5 hobgoblins
  8 jackals
  3 ball pythons
  4 frilled lizards
  7 goblins
  2 goblin zombies
  6 hobgoblin zombies (Ossuary)
  9 kobolds
  11 kobold zombies (Ossuary)
  A leopard gecko skeleton (D:4)
  A leopard gecko zombie (D:5)
  13 orc zombies (Ossuary)
  A quokka zombie (D:5)
  16 rats
  A rat zombie (Ossuary)
147 creatures vanquished.

Notes
Turn   | Place    | Note
-------+----------+-------------------------------------------
     0 | D:1      | MisterFreud the Gnoll Fighter began the quest for the Orb.
     0 | D:1      | Reached XP level 1. HP: 23/23 MP: 1/1
    94 | D:1      | Reached XP level 2. HP: 29/29 MP: 2/2
   331 | D:1      | Reached XP level 3. HP: 35/35 MP: 3/3
   898 | D:2      | Reached skill level 1 in Invocations
   969 | D:2      | Reached skill level 1 in Long Blades
   969 | D:2      | Reached skill level 1 in Axes
   969 | D:2      | Reached skill level 1 in Maces & Flails
   969 | D:2      | Reached skill level 1 in Polearms
   969 | D:2      | Reached skill level 1 in Staves
   969 | D:2      | Reached skill level 1 in Slings
   969 | D:2      | Reached skill level 1 in Bows
   969 | D:2      | Reached skill level 1 in Crossbows
   969 | D:2      | Reached skill level 1 in Throwing
   969 | D:2      | Reached skill level 1 in Dodging
   969 | D:2      | Reached skill level 1 in Stealth
   969 | D:2      | Reached skill level 1 in Unarmed Combat
   969 | D:2      | Reached skill level 1 in Spellcasting
   969 | D:2      | Reached skill level 1 in Evocations
   969 | D:2      | Reached XP level 4. HP: 24/41 MP: 5/5
  1072 | D:3      | Found an iron altar of Okawaru.
  1095 | D:3      | Reached skill level 1 in Conjurations
  1095 | D:3      | Reached skill level 1 in Hexes
  1095 | D:3      | Reached skill level 1 in Charms
  1095 | D:3      | Reached skill level 1 in Summonings
  1095 | D:3      | Reached skill level 1 in Necromancy
  1095 | D:3      | Reached skill level 1 in Translocations
  1095 | D:3      | Reached skill level 1 in Transmutations
  1095 | D:3      | Reached skill level 1 in Fire Magic
  1095 | D:3      | Reached skill level 1 in Ice Magic
  1095 | D:3      | Reached skill level 1 in Air Magic
  1095 | D:3      | Reached skill level 1 in Earth Magic
  1095 | D:3      | Reached skill level 1 in Poison Magic
  1161 | D:3      | Reached XP level 5. HP: 42/47 MP: 5/7
  2633 | D:4      | Reached XP level 6. HP: 47/53 MP: 8/8
  2692 | D:4      | Found a staircase to the Ecumenical Temple.
  2702 | Temple   | Entered the Ecumenical Temple
  2763 | Temple   | Became a worshipper of Ashenzari the Shackled
  3016 | D:4      | Noticed a moth of wrath
  3019 | D:4      | Found a bloodstained altar of Trog.
  3190 | D:5      | Entered Level 5 of the Dungeon
  3200 | D:5      | Reached skill level 5 in Short Blades
  3272 | D:5      | Noticed Sigmund
  3290 | D:5      | Killed Sigmund
  3290 | D:5      | Reached XP level 7. HP: 15/60 MP: 10/10
  3295 | D:5      | Found a sand-covered staircase.
  3361 | Ossuary  | Entered an ossuary
  4300 | D:5      | Found a radiant altar of Vehumet.
  4321 | D:5      | Reached XP level 8. HP: 55/67 MP: 12/12
  4630 | D:5      | Found a burning altar of Makhleb.
  4676 | D:6      | Reached * piety under Ashenzari
  4700 | D:5      | Mangled by an orc warrior

Levels and vault maps discovered:
D:1:      dpeg_arrival_subterranean_lakeside_camping, layout_loops_ring,
          grunt_decor_arrowhead, hangedman_abyss_or_decor_lesser_grid
D:2:      layout_loops_corners
D:3:      layout_basic, first_ration, kennysheep_big_empty_room,
          solitary_fountain, kennysheep_flooded_box, serial_bayou_pond_c
D:4:      layout_basic, minmay_temple_entry_grid, minmay_misc_feat_encased,
          tgw_trog
D:5:      layout_cave_pools, grunt_temple_overflow_lords_of_destruction,
          enter_ossuary_4, uniq_sigmund
D:6:      layout_cave_pools, overflow_temple_1_default,
          okawaru_ov_weapons_minmay
Temple:   compressed_dpeg_circular_temple

Skill      XL: |  1  2  3  4  5  6  7  8 |
---------------+-------------------------+-----
Invocations    | 1 2 3 |  3.2
Long Blades    | 1 2 3 |  3.0
Axes           | 1 2 3 |  3.0
Maces & Flails | 1 2 3 |  3.0
Polearms       | 1 2 3 |  3.0
Staves         | 1 2 3 |  3.0
Slings         | 1 2 3 |  3.0
Bows           | 1 2 3 |  3.0
Crossbows      | 1 2 3 |  3.0
Throwing       | 1 2 3 |  3.0
Dodging        | 1 2 3 |  3.0
Stealth        | 1 2 3 |  3.0
Unarmed Combat | 1 2 3 |  3.0
Spellcasting   | 1 2 3 |  3.0
Evocations     | 1 2 3 |  3.0
Conjurations   | 1 2 |  2.4
Hexes          | 1 2 |  2.4
Charms         | 1 2 |  2.4
Summonings     | 1 2 |  2.4
Necromancy     | 1 2 |  2.4
Translocations | 1 2 |  2.4
Transmutations | 1 2 |  2.4
Fire Magic     | 1 2 |  2.4
Ice Magic      | 1 2 |  2.4
Air Magic      | 1 2 |  2.4
Earth Magic    | 1 2 |  2.4
Poison Magic   | 1 2 |  2.4
Short Blades   | 5 |  5.5
Fighting       | 7 |  7.2
Armour         | 7 |  7.2
Shields        | 7 |  7.2

Action                   |  1- 3 |  4- 6 |  7- 9 || total
-------------------------+-------+-------+-------++-------
Melee: Rapier            |    62 |       |   219 ||   281
       Bite              |     9 |    22 |    38 ||    69
       Dagger            |    52 |   198 |    32 ||   282
Invok: Curse Item        |       |     1 |       ||     1
  Use: Scroll            |       |    10 |     1 ||    11
       Potion            |       |       |     1 ||     1
  Eat: Chunk             |       |    21 |     2 ||    23
Armor: Scale mail        |    35 |    59 |    62 ||   156
Dodge: Dodged            |    22 |    48 |    63 ||   133
Block: Kite shield       |    68 |    64 |   107 ||   239

Table legend:
 A = Non-vault XP
 B = Vault XP
 C = Vault XP percentage of total XP
 D = Non-vault monster count
 E = Vault monster count
 F = Vault count percentage of total count
                 A         B        C        D         E       F
            +---------+---------+-------+---------+---------+-------
      Total |     816 |     569 |  41.1 |      94 |      53 |  36.1
            +---------+---------+-------+---------+---------+-------
        D:1 |      42 |       8 |  16.0 |      24 |       6 |  20.0
        D:2 |      98 |       0 |   0.0 |      23 |       0 |   0.0
        D:3 |     130 |       0 |   0.0 |      25 |       0 |   0.0
        D:4 |     104 |       5 |   4.6 |      11 |       5 |  31.2
        D:5 |     439 |     275 |  38.5 |      10 |       4 |  28.6
        D:6 |       3 |       0 |   0.0 |       1 |       0 |   0.0
    Ossuary |       0 |     281 | 100.0 |       0 |      38 | 100.0
            +---------+---------+-------+---------+---------+-------
